 Dungeon Crawl Stone Soup version 0.25-a0-975-gcae8493d64 (webtiles) character file.

Game seed: 1592165987429682944, levelgen mode: deterministic

189 Esekla the Conjurer (level 5, 0/44 HPs)
             Began as a Naga Conjurer on May 9, 2020.
             Killed from afar by an orc wizard (7 damage)
             ... with a magic dart
             ... on level 3 of the Dungeon.
             The game lasted 00:17:11 (2149 turns).

Esekla the Conjurer (Naga Conjurer)                 Turns: 2149, Time: 00:17:12

Health: 0/44       AC:  6    Str: 10    XL:     5   Next: 68%
Magic:  1/8        EV: 10    Int: 16    God:
Gold:   75         SH:  0    Dex: 12    Spells: 2/9 levels left

rFire    . . .     SeeInvis +   b - +1 dagger (holy)
rCold    . . .     Gourm    .   (no shield)
rNeg     . . .     Faith    .   a - +0 robe
rPois    +         Spirit   .   k - +0 helmet
rElec    .         Reflect  .   e - +2 cloak
rCorr    .         Harm     .   (no gloves)
MR       .....                  (no barding)
Stlth    ++........             (no amulet)
HPRegen  0.14/turn              (no ring)
MPRegen  0.11/turn              (no ring)

@: short of breath, very slow
A: large, see invisible, deformed body, poison resistance, slowness 2, slow
metabolism 1, spit poison 1, AC +1
a: Spit Poison


You were on level 3 of the Dungeon.
You were not hungry.

You visited 1 branch of the dungeon, and saw 3 of its levels.

You collected 75 gold pieces.

Inventory:

Hand Weapons
 b - a +1 dagger of holy wrath (weapon)
 f - a +0 spear
Missiles
 o - 8 boomerangs (quivered)
Armour
 a - a +0 robe (worn)
 e - a +2 cloak (worn)
 k - a +0 helmet (worn)
Jewellery
 p - an uncursed ring of fire
Scrolls
 d - 3 scrolls of teleportation {unknown}
 g - 2 scrolls of identify {unknown}
 l - 2 scrolls of random uselessness {unknown}
 m - a scroll of magic mapping {unknown}
 q - a scroll of remove curse {unknown}
 r - a scroll of enchant armour {unknown}
 t - a scroll of immolation {unknown}
Potions
 h - 3 potions of heal wounds {unknown}
 i - a potion of invisibility {unknown}
 j - a potion of degeneration {unknown}
 n - a potion of magic {unknown}
 s - a potion of berserk rage {unknown}
Comestibles
 c - 6 rations


   Skills:
 * Level 1.6 Fighting
 + Level 1.0 Short Blades
 + Level 0.5 Polearms
 + Level 1.9 Dodging
 + Level 3.4 Stealth
 * Level 2.6 Spellcasting
 * Level 5.5 Conjurations


You had 2 spell levels left.
You knew the following spells:

 Your Spells              Type           Power        Failure   Level  Hunger
a - Magic Dart            Conj           ###.         1%          1    #......
b - Iskenderun's Mystic   Conj/Tloc      ##......     52%         4    #####..
e - Searing Ray           Conj           ###...       3%          2    ##.....

Your spell library contained the following spells:

 Spells                   Type           Power        Failure   Level  Hunger
 Dazzling Flash           Conj/Hex       ##....       19%         3    ###....
 Fulminant Prism          Conj/Hex       ##........   52%         4    #####..


Dungeon Overview and Level Annotations

Branches:
Dungeon (3/15)

Altars:
Wu Jian


Innate Abilities, Weirdness & Mutations

You cannot wear boots.
Your serpentine skin is tough. (AC +1)
You have supernaturally acute eyesight. (SInv)
Armour fits poorly on your strangely shaped body.
Your system is resistant to poisons. (rPois)
You cover ground very slowly.
You have a slow metabolism.
You can spit poison.


Message History

The magic dart hits you.
* * * LOW HITPOINT WARNING * * *
Casting: Searing Ray (safe; 3% risk of failure)
Confirm with . or Enter, or press ? or * to list all spells.
Aiming: Searing Ray (safe; 3% risk of failure)
Press: ? - help, Shift-Dir - straight line, f - orc, p - orc wizard
Aim: an orc, quivering 2 boomerangs The searing ray misses the orc wizard.
The searing ray hits the orc!
You kill the orc!
Your Short Blades skill increases to level 1!
The searing ray hits the orc.
The orc is almost dead. (Press . to maintain the ray.)
The orc wizard mumbles some strange words.
The orc wizard blinks!
The searing ray hits the orc.
You kill the orc!
The orc wizard points at you and mumbles some strange words.
The magic dart hits you!
You die...

#.##.##.###......##.##### ##
#.##.##.# #......##.#######?
#......<# #.................
#.##.##.# #......##.##..#.#.
#....##.# #......##.).o...##
#..#.##.# #........o.#..####
#....##.# #####.....o...####
#.......#######.####.(......
####.######.@§(.....#..#.####
#.......# #.####.##o.....#
#.##.##.###.# #.......###
#.##........# #†#####.#
#.#####.##### #.......#
#.#####.# ######### #.......#
#########


You could see an orc wizard (fast).

Vanquished Creatures
  An orc priest (D:3)
  3 orc wizards (D:2)
  2 adders (D:2)
  An ooze (D:3)
  A dart slug (D:2)
  3 leopard geckos
  5 orcs
  A ball python (D:3)
  5 goblins
  6 hobgoblins
  5 jackals (D:2)
  7 kobolds
  A quokka (D:2)
  2 bats
  2 frilled lizards (D:2)
  3 rats
48 creatures vanquished.

Notes
Turn   | Place    | Note
-------+----------+-------------------------------------------
     0 | D:1      | Esekla the Naga Conjurer began the quest for the Orb.
     0 | D:1      | Reached XP level 1. HP: 15/15 MP: 3/3
   250 | D:1      | Reached XP level 2. HP: 24/24 MP: 5/5
   681 | D:2      | Reached XP level 3. HP: 30/30 MP: 6/6
   710 | D:2      | Learned a level 2 spell: Searing Ray
   788 | D:2      | Reached skill level 1 in Fighting
   788 | D:2      | Reached skill level 5 in Conjurations
   789 | D:2      | Reached XP level 4. HP: 37/38 MP: 3/7
   836 | D:2      | Learned a level 4 spell: Iskenderun's Mystic Blast
   837 | D:2      | Found an ornate altar of the Wu Jian Council.
   860 | D:2      | Reached XP level 5. HP: 25/44 MP: 4/8
  2148 | D:3      | Reached skill level 1 in Short Blades
  2149 | D:3      | Killed from afar by an orc wizard

Illustrated notes

Levels and vault maps discovered:
D:1:      dpeg_arrival_radiant, layout_loops_ring
D:2:      lemuel_upstairs_altar, layout_loops_ring,
          nicolae_overflow_crystal_walls, minmay_large_rounded_square
D:3:      layout_loops_cross

Skill      XL: |  1  2  3  4  5 |
---------------+----------------+-----
Fighting       | 1 |  1.6
Conjurations   | 5 |  5.5
Short Blades   | 1 |  1.0
Polearms       | |  0.5
Dodging        | |  1.9
Stealth        | |  3.4
Spellcasting   | |  2.6

Action                   |  1- 3 |  4- 6 || total
-------------------------+-------+-------++-------
Melee: Spear             |    30 |       ||    30
       Dagger            |    14 |    86 ||   100
 Cast: Magic Dart        |    14 |     7 ||    21
       Searing Ray       |     1 |     5 ||     6
 Abil: Spit Poison       |     6 |     5 ||    11
 Stab: Sleeping          |     1 |     4 ||     5
  Eat: Chunk             |       |     4 ||     4
Armor: Robe              |    10 |    29 ||    39
Dodge: Dodged            |    30 |    51 ||    81

Table legend:
 A = Non-vault XP
 B = Vault XP
 C = Vault XP percentage of total XP
 D = Non-vault monster count
 E = Vault monster count
 F = Vault count percentage of total count
                 A         B        C        D         E       F
            +---------+---------+-------+---------+---------+-------
      Total |     270 |       0 |   0.0 |      48 |       0 |   0.0
            +---------+---------+-------+---------+---------+-------
        D:1 |      21 |       0 |   0.0 |      11 |       0 |   0.0
        D:2 |     186 |       0 |   0.0 |      29 |       0 |   0.0
        D:3 |      63 |       0 |   0.0 |       8 |       0 |   0.0
            +---------+---------+-------+---------+---------+-------
